General information
- name: BNet
- type: Ladder 1vs1/FFA
- host: Battle.net
- saver: BEAR_AND
map: TheTwoRivers
- players: 2
- length: 57:29
- speed: Fast
- version: 1.26 W3XP
- replay type:

» download(197 KB)
Players
team 1 (loser)

»
faround (
purple | 35 APM | 2040 actions | 57:28)
4 Demon Hunter
2 Immolation
2 Evasion
2 Keeper of the Grove
1 Force of Nature
1 Thorns Aura
1 Priestess of the Moon
1 Trueshot Aura
» actions
| Build / train | 99 | |
| Enter build submenu | 28 | |
| Enter hero's abilities submenu | 7 | |
| Remove unit from queue | 3 | |
| Right click | 950 | |
| Select / deselect | 867 | |
| Use ability | 86 | |
2040 total
» units
| Wisp | 34 | |
| Archer | 7 | |
| Huntress | 5 | |
| Glaive Thrower | 8 | |
| Hippogryph | 7 | |
| Chimaera | 8 | |
69 total
» upgrades
| Strength of the Moon | 3 | |
| Moon Armor | 2 | |
| Strength of the Wild | 3 | |
| Reinforced Hides | 2 | |
| Hippogryph Taming | 1 | |
| Improved Bows | 1 | |
| Marksmanship | 1 | |
| Corrosive Breath | 1 | |
| Vorpal Blades | 1 | |
| Well Spring | 1 | |
16 total
» buildings
| Altar of Elders | 1 | |
| Moon Well | 10 | |
| Ancient of War | 1 | |
| Hunter's Hall | 1 | |
| Tree of Ages | 1 | |
| Ancient Protector | 6 | |
| Ancient of Wind | 2 | |
| Tree of Eternity | 1 | |
| Tree of Life | 1 | |
| Ancient of Wonders | 1 | |
| Chimaera Roost | 1 | |
26 total
» build order
00:20 Altar of Elders
00:26 Moon Well
00:55 Ancient of War
01:20 Moon Well
02:05 Hunter's Hall
02:53 Moon Well
04:34 Tree of Ages
04:50 Ancient Protector
06:16 Ancient Protector
06:21 Moon Well
07:29 Ancient of Wind
08:12 Ancient of Wind
08:47 Moon Well
10:53 Moon Well
12:04 Tree of Eternity
12:38 Tree of Life
13:31 Ancient of Wonders
13:40 Ancient Protector
14:21 Ancient Protector
14:32 Chimaera Roost
16:37 Ancient Protector
17:44 Ancient Protector
18:05 Moon Well
18:57 Moon Well
20:02 Moon Well
27:06 Moon Well
team 2 (winner)
BEAR_AND (
blue | 132 APM | 7590 actions | 57:29)
4 Archmage
2 Blizzard
2 Brilliance Aura
4 Mountain King
2 Storm Bolt
2 Bash
3 Paladin
2 Holy Light
1 Divine Shield
» actions
| Assign group hotkey | 26 | |
| Basic commands | 40 | |
| Build / train | 198 | |
| Enter build submenu | 109 | |
| Enter hero's abilities submenu | 12 | |
| Give item / drop item | 8 | |
| Remove unit from queue | 4 | |
| Right click | 4454 | |
| Select / deselect | 1181 | |
| Select group hotkey | 930 | |
| Use ability | 628 | |
7590 total
» units
| Peasant | 22 | |
| Priest | 2 | |
| Sorceress | 1 | |
| Dragonhawk Rider | 6 | |
31 total
» upgrades
| Lumber Harvesting | 2 | |
| Magic Sentry | 1 | |
| Masonry | 3 | |
| Priest Training | 2 | |
| Sorceress Training | 2 | |
| Swords | 3 | |
| Animal War Training | 1 | |
| Armor | 2 | |
| Cloud | 1 | |
| Storm Hammers | 1 | |
18 total
» buildings
| Altar of Kings | 2 | |
| Farm | 5 | |
| Lumber Mill | 1 | |
| Arcane Vault | 2 | |
| Scout Tower | 166 | |
| Guard Tower | 86 | |
| Arcane Tower | 14 | |
| Town Hall | 4 | |
| Keep | 4 | |
| Arcane Sanctum | 1 | |
| Castle | 2 | |
| Gryphon Aviary | 2 | |
| Blacksmith | 1 | |
| Barracks | 1 | |
291 total
» build order
00:13 Altar of Kings
00:16 Altar of Kings
00:26 Farm
00:35 Lumber Mill
00:53 Arcane Vault
01:00 Farm
01:32 Scout Tower
01:33 Scout Tower
01:34 Scout Tower
01:34 Scout Tower
02:42 Guard Tower
02:43 Arcane Tower
02:44 Scout Tower
02:44 Scout Tower
03:09 Guard Tower
03:09 Guard Tower
03:31 Guard Tower
04:43 Town Hall
04:49 Scout Tower
04:50 Scout Tower
04:50 Scout Tower
04:51 Scout Tower
04:56 Scout Tower
04:58 Scout Tower
04:59 Scout Tower
05:29 Arcane Tower
05:47 Guard Tower
05:48 Guard Tower
05:49 Guard Tower
05:49 Guard Tower
06:00 Guard Tower
06:01 Guard Tower
06:15 Keep
06:15 Keep
06:15 Keep
06:23 Scout Tower
06:25 Scout Tower
06:26 Scout Tower
06:26 Scout Tower
06:27 Scout Tower
06:56 Guard Tower
07:04 Scout Tower
07:05 Scout Tower
07:06 Scout Tower
07:06 Scout Tower
07:17 Guard Tower
07:44 Farm
07:48 Farm
08:04 Guard Tower
08:10 Guard Tower
08:21 Farm
08:44 Arcane Sanctum
09:09 Guard Tower
09:19 Scout Tower
09:20 Scout Tower
09:20 Scout Tower
09:25 Guard Tower
09:51 Castle
09:51 Castle
10:14 Scout Tower
10:15 Scout Tower
10:39 Guard Tower
10:40 Guard Tower
10:49 Arcane Vault
11:59 Scout Tower
12:00 Scout Tower
12:00 Scout Tower
12:18 Guard Tower
12:19 Guard Tower
12:19 Guard Tower
12:21 Scout Tower
12:21 Scout Tower
12:22 Scout Tower
12:25 Scout Tower
12:26 Scout Tower
12:26 Scout Tower
12:27 Scout Tower
12:28 Scout Tower
12:28 Scout Tower
12:55 Scout Tower
12:56 Scout Tower
12:59 Scout Tower
12:59 Scout Tower
13:00 Scout Tower
13:00 Scout Tower
13:54 Guard Tower
13:55 Scout Tower
14:00 Scout Tower
14:01 Scout Tower
14:01 Scout Tower
14:02 Scout Tower
15:10 Guard Tower
15:12 Guard Tower
15:13 Guard Tower
15:13 Guard Tower
15:15 Guard Tower
15:53 Guard Tower
15:55 Scout Tower
15:56 Scout Tower
15:57 Scout Tower
15:57 Scout Tower
15:58 Scout Tower
15:59 Scout Tower
16:01 Scout Tower
16:02 Scout Tower
16:02 Scout Tower
16:03 Scout Tower
16:11 Town Hall
16:22 Scout Tower
16:22 Scout Tower
16:23 Scout Tower
16:23 Scout Tower
16:24 Scout Tower
16:24 Scout Tower
16:25 Scout Tower
16:25 Scout Tower
16:26 Scout Tower
16:27 Scout Tower
17:25 Guard Tower
17:26 Guard Tower
17:57 Guard Tower
18:35 Guard Tower
18:44 Guard Tower
18:52 Scout Tower
18:53 Scout Tower
18:53 Scout Tower
18:54 Scout Tower
19:11 Scout Tower
19:14 Scout Tower
19:22 Scout Tower
19:26 Scout Tower
19:28 Scout Tower
19:30 Scout Tower
19:32 Guard Tower
19:49 Scout Tower
19:50 Arcane Tower
19:50 Guard Tower
19:51 Guard Tower
19:51 Guard Tower
19:54 Scout Tower
19:55 Scout Tower
19:56 Scout Tower
19:57 Scout Tower
19:59 Scout Tower
20:00 Scout Tower
20:27 Guard Tower
20:29 Arcane Tower
20:30 Guard Tower
20:35 Scout Tower
20:36 Scout Tower
20:36 Scout Tower
20:37 Scout Tower
20:38 Scout Tower
20:38 Scout Tower
20:39 Scout Tower
20:39 Scout Tower
20:40 Scout Tower
20:47 Guard Tower
20:53 Scout Tower
20:57 Scout Tower
21:01 Scout Tower
21:13 Gryphon Aviary
21:17 Blacksmith
21:20 Guard Tower
21:24 Barracks
21:54 Gryphon Aviary
22:08 Arcane Tower
22:53 Guard Tower
23:21 Guard Tower
23:40 Arcane Tower
23:40 Arcane Tower
24:40 Scout Tower
24:46 Scout Tower
24:46 Scout Tower
24:47 Scout Tower
24:48 Scout Tower
25:17 Arcane Tower
25:17 Guard Tower
25:21 Arcane Tower
25:28 Scout Tower
25:29 Scout Tower
25:30 Scout Tower
25:30 Scout Tower
25:31 Scout Tower
25:32 Scout Tower
25:36 Scout Tower
25:37 Scout Tower
25:38 Scout Tower
26:30 Scout Tower
26:40 Arcane Tower
26:44 Guard Tower
26:45 Guard Tower
26:45 Guard Tower
26:46 Guard Tower
26:46 Guard Tower
26:47 Guard Tower
27:15 Guard Tower
27:16 Guard Tower
27:17 Guard Tower
27:17 Guard Tower
27:19 Scout Tower
27:20 Scout Tower
27:31 Guard Tower
27:52 Guard Tower
28:11 Guard Tower
28:14 Guard Tower
31:49 Town Hall
31:55 Scout Tower
31:56 Scout Tower
31:57 Scout Tower
31:57 Scout Tower
32:03 Scout Tower
32:04 Scout Tower
32:06 Scout Tower
32:07 Scout Tower
32:08 Scout Tower
32:08 Scout Tower
32:09 Scout Tower
32:10 Scout Tower
32:49 Guard Tower
43:40 Scout Tower
43:40 Scout Tower
43:41 Scout Tower
43:41 Scout Tower
43:45 Scout Tower
43:46 Scout Tower
43:47 Scout Tower
44:10 Guard Tower
44:13 Scout Tower
44:14 Scout Tower
44:14 Scout Tower
44:15 Scout Tower
45:57 Guard Tower
46:00 Scout Tower
46:01 Scout Tower
46:01 Scout Tower
46:03 Guard Tower
46:09 Scout Tower
46:10 Scout Tower
46:11 Scout Tower
47:08 Guard Tower
47:09 Guard Tower
47:09 Guard Tower
48:01 Guard Tower
48:03 Scout Tower
48:04 Scout Tower
48:04 Scout Tower
48:31 Guard Tower
49:02 Guard Tower
49:23 Guard Tower
49:26 Town Hall
49:32 Scout Tower
49:34 Scout Tower
49:34 Scout Tower
49:35 Scout Tower
49:55 Scout Tower
49:55 Scout Tower
49:56 Scout Tower
49:57 Scout Tower
50:04 Scout Tower
50:04 Scout Tower
50:05 Scout Tower
50:07 Guard Tower
50:26 Guard Tower
50:27 Guard Tower
50:54 Guard Tower
51:39 Guard Tower
51:41 Guard Tower
51:45 Scout Tower
51:46 Scout Tower
51:47 Scout Tower
51:48 Scout Tower
51:50 Scout Tower
51:51 Scout Tower
51:51 Scout Tower
52:25 Guard Tower
52:42 Guard Tower
54:19 Guard Tower
» items
| Scroll of Regeneration | 3 | |
| Potion of Healing | 2 | |
| Orb of Fire | 2 | |
| Staff of Sanctuary | 3 | |
| Lesser Clarity Potion | 1 | |
| Boots of Speed | 3 | |
| Staff of Teleportation | 3 | |
17 total
Chat log
(22:27 / All) BEAR_AND: hi
(22:28 / All) BEAR_AND: from?
(22:34 / All) faround: ca
(22:36 / All) faround: u
(22:37 / All) BEAR_AND: me too
(22:38 / All) BEAR_AND: toronto
(22:47 / All) faround: no usa cal
(30:41 / All) BEAR_AND: i win
(32:34 / All) faround: lol
(32:44 / All) BEAR_AND: lmao
(33:02 / All) faround: attack then u puss
(33:04 / All) BEAR_AND: ok
(33:19 / All) faround: r u gay
(33:24 / All) BEAR_AND: ; - )
(33:48 / All) faround: is that a hack
(33:52 / All) BEAR_AND: lmao
(33:58 / All) faround: tp
(33:59 / All) BEAR_AND: it's an item that human shops have at tier 3
(34:01 / All) BEAR_AND: idiot
(34:09 / All) faround: how old r u
(34:10 / All) BEAR_AND: 26
(34:22 / All) faround: i think this game is for people with low self esteem
(34:26 / All) faround: lmao
(34:27 / All) BEAR_AND: welcome
(34:30 / All) faround: like you
(34:37 / All) BEAR_AND: hehe
(34:49 / All) faround: ur heros are weak
(34:52 / All) BEAR_AND: ok
(35:02 / All) BEAR_AND: your brain is weak
(35:06 / All) faround: ha
(35:27 / All) BEAR_AND: afraid????
(35:32 / All) faround: the one time i dont choose entangel
(35:33 / All) BEAR_AND: come kill
(38:59 / All) BEAR_AND: looks like this dumb baby is out of money and ideas
(41:05 / All) BEAR_AND: lol
(41:09 / All) faround: on phone
(41:13 / All) faround: not paying attention
(41:14 / All) BEAR_AND: bye
(41:46 / All) BEAR_AND: more accurate would be "on phone, terrible at video games"
(41:51 / All) faround: hahahah
(42:00 / All) faround: id probably whoop ur ass at anytiing
(42:05 / All) BEAR_AND: ok
(42:07 / All) BEAR_AND: how about warcraft 3
(42:13 / All) BEAR_AND: you're not doing so hot
(42:17 / All) BEAR_AND: in fact you're doing fucking terrible
(42:19 / All) faround: if we play gay like this no
(42:25 / All) BEAR_AND: you can play however you want
(42:27 / All) BEAR_AND: it's going to be awful
(43:14 / All) BEAR_AND: hahaha what the fuck are you making
(43:21 / All) BEAR_AND: do you think you can win this
(43:30 / All) BEAR_AND: you lost this game a long time ago
(43:43 / All) faround: hahah then finish it ill be doing work in the meantime
(43:48 / All) BEAR_AND: lol
(44:58 / All) faround: uu suck
(45:01 / All) BEAR_AND: lol
(45:05 / All) BEAR_AND: but i'm winning
(45:10 / All) BEAR_AND: what does that say about you
(45:18 / All) faround: ur heros blow
(45:22 / All) BEAR_AND: lol
(45:25 / All) faround: u have no balls
(45:41 / All) faround: lol
(45:52 / All) BEAR_AND: hehe
(51:39 / All) BEAR_AND: lmao
(51:48 / All) faround: u could have played 7 games by now
(51:52 / All) BEAR_AND: ok
(52:04 / All) faround: i have no respect for canada
(52:07 / All) BEAR_AND: lmao
(52:10 / All) faround: ur a bitch
(52:15 / All) BEAR_AND: you're getting owned
(52:17 / All) BEAR_AND: and you hate it
(52:18 / All) BEAR_AND: hahahahahaha
(52:20 / All) faround: not really
(52:23 / All) BEAR_AND: extremely
(52:25 / All) faround: u cant win
(52:28 / All) faround: win then bitch
(52:28 / All) BEAR_AND: LOL
(52:30 / All) BEAR_AND: i am
(52:31 / All) BEAR_AND: i did
(52:32 / All) faround: go ahead
(52:36 / All) faround: end the game
(52:38 / All) BEAR_AND: you lost at the beginning of the game
(52:40 / All) BEAR_AND: hahahaha
(52:40 / All) faround: u cant
(52:42 / All) faround: u cant win
(52:45 / All) BEAR_AND: i did win
(52:47 / All) faround: because all u made were towers
(52:50 / All) faround: u have no units
(52:53 / All) faround: bring them out
(52:56 / All) faround: fight
(52:57 / All) BEAR_AND: i have 11000 gold
(52:58 / All) faround: fight
(53:00 / All) BEAR_AND: and a whole new mine
(53:06 / All) BEAR_AND: i could go 100 food gryphons if i wanted
(53:10 / All) faround: canadians have a shitty military
(53:12 / All) BEAR_AND: nah, i like destroying you with heroes
(53:13 / All) BEAR_AND: lmao
(53:22 / All) BEAR_AND: would you say you're patriotic
(53:31 / All) faround: more than u
(53:43 / All) BEAR_AND: do you think that's a good thing
(53:48 / All) faround: can be
(53:51 / All) BEAR_AND: lol
(53:53 / All) BEAR_AND: how old are you
(53:57 / All) faround: 6
(54:10 / All) faround: fight
(54:15 / All) BEAR_AND: ok
(54:31 / All) faround: u cant finish the game because ur stuck